 Dungeon Crawl Stone Soup version 0.31.0-11-ge490571c62 (webtiles) character file.

Game seed: 969935127981275206

106 firemarshallily the Ducker (level 5, 0/40 HPs)
             Began as a Djinni Gladiator on Feb 4, 2024.
             Slain by Crazy Yiuf
             ... wielding a +3 quarterstaff of chaos
              (9 damage)
             ... on level 2 of the Dungeon.
             The game lasted 00:06:37 (2070 turns).

firemarshallily the Ducker (Djinni Gladiator)       Turns: 2070, Time: 00:06:38

Health: 0/40       AC:  6    Str: 13    XL:     5   Next: 10%
Gold:   57         EV: 12    Int: 11    God:
                   SH:  0    Dex: 15

rFire   + + .        a - +0 quarterstaff
rCold   x . .        (shield currently unavailable)
rNeg    . . .        b - +0 leather armour
rPois   ∞            p - +2 helmet
rElec   .            (no cloak)
rCorr   .            (no gloves)
SInv    .            (boots unavailable)
Will    .....        (no amulet)
Stlth   +            (no ring)
HPRegen 0.26/turn    (no ring)
MPRegen 0.00/turn

%: infuse magic (-1 HP)
@: flying
A: sickness immunity, fire resistance 2, cold vulnerability 1, float, innate
caster, HP casting, extra vitality 1
a: no special abilities


You were on level 2 of the Dungeon.
You visited 1 branch of the dungeon, and saw 2 of its levels.

You collected 57 gold pieces.

Inventory:

Hand Weapons
 a - a +0 quarterstaff (weapon)
Missiles
 d - 3 throwing nets
 e - a javelin
 f - 9 boomerangs (quivered)
Armour
 b - a +0 leather armour (worn)
 p - a +2 helmet (worn)
Scrolls
 g - 3 scrolls of teleportation
 h - 2 scrolls of noise {unknown}
 i - a scroll of brand weapon {unknown}
 j - a scroll of fog {unknown}
 k - 2 scrolls of identify {unknown}
 o - a scroll of immolation {unknown}
 q - a scroll of fear {unknown}
Potions
 c - a potion of brilliance {unknown}
 l - a potion of haste {unknown}
 m - a potion of invisibility {unknown}
 n - 2 potions of heal wounds {unknown}


   Skills:
 * Level 3.2 Fighting
 + Level 3.1 Staves
 - Level 1.5 Throwing
 + Level 1.4 Armour
 - Level 3.2 Dodging
 * Level 1.7 Spellcasting
 * Level 1.7 Conjurations
 * Level 1.7 Hexes
   Level 0.0 Charms
 * Level 1.7 Summonings
 * Level 1.7 Necromancy
 * Level 1.7 Translocations
   Level 0.0 Transmutations
 * Level 1.7 Fire Magic
 * Level 1.7 Ice Magic
 * Level 1.7 Air Magic
 * Level 1.7 Earth Magic
 * Level 1.7 Alchemy


You knew the following spells:

 Your Spells              Type           Power      Damage    Failure   Level
a - Sting                 Conj/Alch      16%        1d4       19%         1
b - Call Imp              Summ           8%         N/A       28%         2
Your spell library was empty.

Dungeon Overview and Level Annotations

Branches:
Dungeon (2/15)

Altars:

Shops:
D:1 :

Annotations:
D:2 Crazy Yiuf, Sigmund


Innate Abilities, Weirdness & Mutations

You are immune to sickness and miasma.
You are immune to poison.
Your flesh is very heat resistant. (rF++)
You are vulnerable to cold. (rC-)
You float through the air rather than walking.
You learn spells naturally, not from books.
Your magical power is your life essence.
You have superior vitality. (+4 MHP)


Message History

Crazy Yiuf burns your cerulean imp.
Your cerulean imp dies!
Your cerulean imp disappears in a puff of smoke!
Casting: Call Imp (dangerous; 28% risk of failure)
Confirm with . or Enter, or press ? or * to list all spells.
A tiny devil pulls itself out of the air.
You hit Crazy Yiuf but do no damage.
Crazy Yiuf is moderately wounded.
Crazy Yiuf hits you with a +3 quarterstaff of chaos!
You hit Crazy Yiuf but do no damage.
Crazy Yiuf is moderately wounded.
Your attacks no longer feel as feeble.
Crazy Yiuf hits you with a +3 quarterstaff of chaos.
* * * LOW HITPOINT WARNING * * *
Your cerulean imp closely misses Crazy Yiuf.
You swap places.
Your cerulean imp hits Crazy Yiuf with a -4 spear.
Casting: Call Imp (dangerous; 28% risk of failure)
Confirm with . or Enter, or press ? or * to list all spells.
Aiming: Sting (safe; 19% risk of failure)
Press: ? - help, Shift-Dir - straight line, f/p - Crazy Yiuf
Aim: Crazy Yiuf, wielding a +3 quarterstaff of chaos and wearing a +2 cloak of preservation (moderately wounded, ally target, 69% to hit)
The sting hits Crazy Yiuf but does no damage.
Crazy Yiuf is poisoned.
Crazy Yiuf is moderately wounded.
* * * LOW HITPOINT WARNING * * *
Crazy Yiuf completely misses you.
Your cerulean imp closely misses Crazy Yiuf.
Your magical contamination has completely faded away.
Casting: Sting (safe; 19% risk of failure)
Confirm with . or Enter, or press ? or * to list all spells.
Aiming: Sting (safe; 19% risk of failure)
Press: ? - help, Shift-Dir - straight line, f/p - Crazy Yiuf
Aim: Crazy Yiuf, wielding a +3 quarterstaff of chaos and wearing a +2 cloak of preservation (heavily wounded, poisoned, ally target, 69% to hit)
The sting hits Crazy Yiuf but does no damage.
Crazy Yiuf looks even sicker.
Crazy Yiuf is heavily wounded.
* * * LOW HITPOINT WARNING * * *
Crazy Yiuf hits you with a +3 quarterstaff of chaos!
You die...

###.####.# ... #.#)####.. ..†.#
#.# #'# #.#...[).( ##### #.# ♣.♣♣
####.#)###### ########.## ♣♣.♣
#<).......... #.........# ♣.♣♣
####.#######. #.#######.# ♣♣.♣
####.# #.#.......# ♣♣.♣♣ #....#
#.#.#####.# ♣♣5g.♣ ###### #.#.#
#.# ♣..@.♣ #.#.#####.# #....#
#.#.#.....#####..## .#
#.#.#.###..#.#...# #.# #.#.#
#..#.##..# #.# #.#.#.###..#.###.#
#.# ######### #.#.#............#
#.# #........
#.#.######.##########.#.#.#######
#.#..........)........#.#.#......


You could see Crazy Yiuf (very poisoned, ally target) and a friendly cerulean
imp (summoned).

Vanquished Creatures
  Robin (D:2)
  A gnoll (D:2)
  2 adders (D:2)
  2 dart slugs (D:2)
  3 ball pythons
  4 bats
  5 endoplasms
  6 giant cockroaches
  5 hobgoblins
  2 jackals (D:1)
  7 kobolds
  A quokka (D:1)
  2 frilled lizards (D:2)
  11 goblins
  3 rats
55 creatures vanquished.

Notes
Turn   | Place    | Note
-------+----------+-------------------------------------------
     0 | D:1      | firemarshallily the Djinni Gladiator began the quest for
                  | the Orb.
     0 | D:1      | Reached XP level 1. HP: 18/18 MP: 0/0
    87 | D:1      | Reached XP level 2. HP: 17/23 MP: 0/0
   561 | D:1      | Reached XP level 3. HP: 27/29 MP: 0/0
   561 | D:1      | Learned a level 1 spell: Sting
   646 | D:1      | Reached skill level 1 in Spellcasting
   646 | D:1      | Reached skill level 1 in Conjurations
   646 | D:1      | Reached skill level 1 in Hexes
   646 | D:1      | Reached skill level 1 in Summonings
   646 | D:1      | Reached skill level 1 in Necromancy
   646 | D:1      | Reached skill level 1 in Translocations
   646 | D:1      | Reached skill level 1 in Fire Magic
   646 | D:1      | Reached skill level 1 in Ice Magic
   646 | D:1      | Reached skill level 1 in Air Magic
   646 | D:1      | Reached skill level 1 in Earth Magic
   646 | D:1      | Reached skill level 1 in Alchemy
   745 | D:1      | Found Xysybloi's Book Shoppe.
   762 | D:1      | You are sucked into a shaft and drop 1 floor!
   845 | D:2      | Reached skill level 1 in Armour
   882 | D:2      | Reached XP level 4. HP: 34/34 MP: 0/0
  1614 | D:2      | Noticed Robin
  1625 | D:2      | Killed Robin
  1803 | D:2      | Reached XP level 5. HP: 37/40 MP: 0/0
  1803 | D:2      | Learned a level 2 spell: Call Imp
  1829 | D:2      | Noticed Sigmund
  2047 | D:2      | Found a runed translucent door.
  2048 | D:2      | Noticed Crazy Yiuf
  2070 | D:2      | Slain by Crazy Yiuf

Illustrated notes

Levels and vault maps discovered:
D:1:      orjb1_clovarrival, layout_basic, serial_shops, shop
D:2:      layout_basic, minmay_pentomino_z4, uniq_robin,
          uniq_crazy_yiuf_cottage, uniq_sigmund

Skill      XL: |  1  2  3  4 |
---------------+-------------+-----
Spellcasting   | 1 |  1.7
Conjurations   | 1 |  1.7
Hexes          | 1 |  1.7
Summonings     | 1 |  1.7
Necromancy     | 1 |  1.7
Translocations | 1 |  1.7
Fire Magic     | 1 |  1.7
Ice Magic      | 1 |  1.7
Air Magic      | 1 |  1.7
Earth Magic    | 1 |  1.7
Alchemy        | 1 |  1.7
Armour         | 1 |  1.4
Staves         | 3 |  3.1
Fighting       | 3 |  3.2
Throwing       | |  1.5
Dodging        | |  3.2

Action                     |  1- 3 |  4- 6 || total
---------------------------+-------+-------++-------
  Melee: Quarterstaff      |    86 |    71 ||   157
   Cast: Sting             |       |     6 ||     6
         Call Imp          |       |     5 ||     5
    Use: Scroll            |       |     1 ||     1
 Armour: Leather armour    |    50 |    53 ||   103
  Dodge: Dodged            |    48 |    45 ||    93
